 Dungeon Crawl Stone Soup version 0.30-a0-737-gf23d94013f (webtiles) character file.

Game seed: 6866543345260195884

14241 themarg the Thaumaturge (level 11, -6/84 HPs)
             Began as a Mummy Cinder Acolyte on Feb 2, 2023.
             Was a Priest of Ignis.
             Shot with a bolt by a minotaur (29 damage)
             ... in a Gauntlet.
             The game lasted 01:09:21 (19975 turns).

themarg the Thaumaturge (Mummy Cinder Acolyte)     Turns: 19975, Time: 01:09:21

Health: -6/84      AC:  7    Str: 17    XL:     11   Next: 86%
Magic:  1/24       EV: 17    Int: 21    God:    Ignis [***...]
Gold:   439        SH:  0    Dex:  8    Spells: 16/28 levels left

rFire   + . .      SeeInvis .    b - +2 dagger (drain)
rCold   + + .      Faith    +    (no shield)
rNeg    + + +      Spirit   .    E - +0 troll leather armour
rPois   ∞          Reflect  .    g - +0 hat
rElec   .          Harm     .    I - scarf {rC+ rF+}
rCorr   .          Rampage  .    (no gloves)
Will    ++...      NoTele   +    B - +2 pair of boots
Stlth   +                        (no amulet)
HPRegen 1.14/turn                s - ring of Totwon {*Corrode rN++ EV+5 Int+3}
MPRegen 0.19/turn                H - ring of willpower

@: no status effects
A: cold resistance 1, negative energy resistance 3, torment resistance 2, heat
vulnerability 1, in touch with death 1, no potions, faith
a: Renounce Religion, Fiery Armour, Foxfire Swarm, Rising Flame


You were in a Gauntlet.
You worshipped Ignis.
Ignis was most pleased with you.
You visited 3 branches of the dungeon, and saw 13 of its levels.
You also visited: Sewer and Gauntlet.

You collected 649 gold pieces.
You spent 210 gold pieces at shops.

Inventory:

Hand Weapons
 a - a +4 dagger of flaming
 b - a +2 dagger of draining (weapon)
 q - a +2 dagger of venom
 C - the +4 whip "Joph" {flame, rCorr Str+2 Int-3 SInv}
   (You found it on level 8 of the Dungeon)

   Str:       It affects your strength (+2).
   Int:       It affects your intelligence (-3).
   SInv:      It lets you see invisible.
   rCorr:     It protects you from acid and corrosion.
 J - the +3 long sword of the Crawling Thing {drain, rElec rN+}
   (You found it in a Gauntlet)

   rElec:     It insulates you from electricity.
   rN:        It protects you from negative energy.
Missiles
 d - 30 poisoned darts (quivered)
 e - 155 stones
 p - 4 boomerangs
 A - a curare-tipped dart
Armour
 g - a +0 hat (worn)
 i - a +0 robe
 u - a +3 ring mail of fire resistance
 B - a +2 pair of boots (worn)
 E - a +0 troll leather armour (worn)
 I - a scarf of resistance (worn)
Jewellery
 s - the ring of Totwon (left hand) {*Corrode rN++ EV+5 Int+3}
   (You found it on level 5 of the Dungeon)

   [ring of evasion]

   EV:        It affects your evasion (+5).
   Int:       It affects your intelligence (+3).
   rN:        It greatly protects you from negative energy.
   *Corrode:  It may corrode you when you take damage.
 x - a ring of protection from cold
 H - a ring of willpower (right hand)
Wands
 r - a wand of flame (2)
 D - a wand of quicksilver (7)
 G - a wand of charming (4)
Scrolls
 c - 4 scrolls of enchant armour
 f - 2 scrolls of blinking
 j - a scroll of poison
 k - 2 scrolls of immolation
 l - 7 scrolls of teleportation
 m - 2 scrolls of amnesia
 n - 4 scrolls of torment
 o - 2 scrolls of fog
 t - a scroll of enchant weapon
 v - a scroll of magic mapping
 w - 2 scrolls of silence
 y - a scroll of identify
 z - 3 scrolls of fear
Miscellaneous
 h - a tin of tremorstones (inert)
 F - a condenser vane (inert)


   Skills:
 - Level 7.0 Fighting
 - Level 2.4 Short Blades
 - Level 2.0 Throwing
 + Level 0.6 Armour
 - Level 5.0 Dodging
 - Level 2.0 Stealth
 - Level 9.0 Spellcasting
 - Level 4.0 Conjurations
 - Level 6.0 Fire Magic
 - Level 3.0 Ice Magic
 - Level 4.0 Air Magic
 - Level 3.0 Earth Magic
 - Level 7.0 Poison Magic
 - Level 5.0 Evocations


You had 16 spell levels left.
You knew the following spells:

 Your Spells              Type           Power      Damage    Failure   Level
a - Scorch                Fire           68%        2d8       1%          2
b - Mephitic Cloud        Conj/Pois/Air  30%        N/A       3%          3
c - Stone Arrow           Conj/Erth      48%        3d10      6%          3
d - Olgreb's Toxic Radia  Pois           38%        N/A       4%          4

Your spell library contained the following spells:

 Spells                   Type           Power      Damage    Failure   Level
 Magic Dart               Conj           100%       1d8       1%          1
 Sting                    Tmut/Pois      96%        1d7       1%          1
 Poisonous Vapours        Pois/Air       64%        N/A       1%          2
 Sandblast                Erth           44%        2d11      2%          1
 Swiftness                Air            26%        N/A       4%          3
 Ensorcelled Hibernation  Hex/Ice        30%        N/A       7%          2
 Passwall                 Tmut/Erth      12%        N/A       7%          2
 Ozocubu's Armour         Ice            22%        N/A       8%          3
 Call Imp                 Summ           9%         N/A       13%         2
 Call Canine Familiar     Summ           9%         N/A       26%         3
 Portal Projectile        Hex/Tloc       18%        N/A       26%         3
 Leda's Liquefaction      Hex/Erth       7%         N/A       41%         4
 Yara's Violent Unravell  Hex/Tmut       4%         3d4       93%         5
 Enfeeble                 Hex            4%         N/A       100%        7
 Ozocubu's Refrigeration  Ice            11%        4d9       100%        7


Dungeon Overview and Level Annotations

Branches:
Dungeon (10/15)            Temple (1/1) D:5            Lair (2/5) D:9
  Snake (0/4) Lair:2        Sewer (visited)         Gauntlet (1/1)
  Swamp: Lair:2-3    Shoals: Lair:2-3       Orc: D:9-12

Altars:
Ashenzari
Cheibriados
Dithmenos
Fedhas
Gozag
Kikubaaqudgha
Makhleb
Nemelex Xobeh
Okawaru
Qazlal
Ru
Sif Muna
Trog
Uskayaw
Vehumet
Wu Jian
Xom
Yredelemnul

Shops:
D:1 ?   D:9 [

Annotations:
D:10 Harold, Urug
Lair:1 3 runed translucent doors, Dittersdorf's ghost, journeyman GrFi Gauntlet 12 transporters, exclusion: oklob plant


Innate Abilities, Weirdness & Mutations

You are immune to poison.
Your flesh is cold resistant. (rC+)
You are immune to negative energy. (rN+++)
You are immune to unholy pain and torment.
You are vulnerable to heat. (rF-)
You are in touch with the powers of death.
You do not drink.
You have a special connection with the divine. (Faith)


Message History

The stone arrow hits the minotaur but does no damage.
The minotaur is severely wounded.
The minotaur seems less confused.
There is an open door here.
Aiming: Mephitic Cloud (mildly dangerous; 3% risk of failure)
Press: ? - help, Shift-Dir - straight line, f/p - minotaur
Aim: a minotaur, wielding a +2 triple crossbow of freezing, wearing a +0 plate armour and quivering javelins (severely wounded, very poisoned, chance to affect: 34%)
The ball explodes into a vile cloud!
The stinking cloud engulfs the minotaur but does no damage.
The minotaur is severely wounded.
The stinking cloud engulfs you but does no damage.
The minotaur is engulfed in noxious fumes.
The minotaur unwields a +2 triple crossbow of freezing.
The minotaur wields the +5 battleaxe of Conflict {vamp, rC+ Str+5}.
The minotaur hits you with the +5 battleaxe of Conflict {vamp, rC+ Str+5}!
The minotaur completely misses you.
You hit the minotaur but do no damage.
The minotaur is severely wounded.
The minotaur is engulfed in noxious fumes.
The minotaur hits you with the +5 battleaxe of Conflict {vamp, rC+ Str+5}!!!
* * * LOW HITPOINT WARNING * * *
The minotaur gores you but does no damage.
The minotaur is engulfed in noxious fumes.
The minotaur unwields the +5 battleaxe of Conflict {vamp, rC+ Str+5}.
The minotaur wields a +2 triple crossbow of freezing.
It is covered in frost.
The minotaur shoots a bolt.
The bolt hits you.
* * * LOW HITPOINT WARNING * * *
There is an open door here.
Aiming: Charm
Press: ? - help, Shift-Dir - straight line, f/p - minotaur
Aim: a minotaur, wielding a +2 triple crossbow of freezing, wearing a +0 plate armour and quivering javelins (noxious fumes, severely wounded, very poisoned, chance to affect: 5%)
Okay, then.
Aiming: Throw Flame
Press: ? - help, Shift-Dir - straight line, f/p - minotaur
Aim: a minotaur, wielding a +2 triple crossbow of freezing, wearing a +0 plate armour and quivering javelins (noxious fumes, severely wounded, very poisoned, 88% to hit)
The puff of flame hits the minotaur.
The minotaur is severely wounded.
The minotaur is engulfed in noxious fumes.
The minotaur shoots a bolt.
The bolt hits you!!
You die...

##+### #.⌠..# #...⌠+ +⌠...#
#.H∩.# #°# #######'#######
#.......@.....# #.###.###.###.#
#.............# ###.###.###.###
#####.###.###.#####
#≈...............≈# ##
####8..©.©.©.©.©.©..8#### ### 8#
#8##≈...............§##8# #8#
#################################


You could see a minotaur (very poisoned).

Vanquished Creatures
  A two-headed ogre (D:9)
  An obsidian statue (Gauntlet)
  Pikel (D:7)
  A necromancer (Gauntlet)
  An oklob plant (D:9)
  6 elephants (Lair:1)
  3 cane toads
  A komodo dragon (Lair:1)
  Maggie (D:9)
  A troll (D:9)
  Prince Ribbit (D:8)
  Sigmund (D:2)
  A wraith (D:10)
  A wyvern (D:9)
  A basilisk (Lair:1)
  A steam dragon (D:7)
  28 yaks
  Duvessa (D:4)
  3 water moccasins (Lair:1)
  2 ice beasts
  3 ogres
  An orc warrior (D:8)
  2 sky beasts
  3 wolves (Gauntlet)
  2 lemures (D:7)
  A kobold brigand (D:8)
  Blork the orc (D:4)
  6 bullfrogs
  A necrophage (D:6)
  3 scorpions
  Dowan (D:4)
  5 killer bees
  A howler monkey (D:6)
  2 hounds
  2 jellies
  A gnoll bouda (D:7)
  Terence (D:3)
  Ijyb (D:5)
  8 iguanas
  9 orc wizards
  A hell rat (Sewer)
  9 gnolls
  5 river rats
  4 adders
  3 shadow imps
  A white imp (D:5)
  3 ufetubi
  A worm (D:2)
  A dart slug (D:1)
  15 orcs
  4 endoplasms
  4 giant cockroaches
  5 goblins
  5 quokkas
  5 ball pythons
  4 bats
  A frilled lizard (D:3)
  15 kobolds
  13 rats
  A bush (Lair:1)
211 creatures vanquished.

Vanquished Creatures (others)
  A killer bee (D:9)
  A bush (Lair:1)
  6 fungi (Lair:1)
  28 plants
  14 toadstools (D:9)
  14 withered plants (Gauntlet)
64 creatures vanquished.

Grand Total: 275 creatures vanquished

Notes
Turn   | Place    | Note
-------+----------+-------------------------------------------
     0 | D:1      | themarg the Mummy Cinder Acolyte began the quest for the
                  | Orb.
     0 | D:1      | Reached XP level 1. HP: 18/18 MP: 2/2
   475 | D:1      | Found Omieneun's Magic Scroll Emporium.
   607 | D:1      | Reached XP level 2. HP: 24/24 MP: 4/4
   610 | D:1      | Learned a level 2 spell: Scorch
   930 | D:1      | Reached skill level 2 in Spellcasting
  1080 | D:1      | Reached skill level 1 in Stealth
  1341 | D:2      | Noticed Sigmund
  1360 | D:2      | Killed Sigmund
  1361 | D:2      | Gained mutation: You are in touch with the powers of death.
                  | [Mummy growth]
  1361 | D:2      | Reached XP level 3. HP: 6/29 MP: 0/6
  1361 | D:2      | Reached XP level 4. HP: 8/35 MP: 0/7
  1361 | D:2      | Reached XP level 5. HP: 9/41 MP: 0/8
  1641 | D:1      | Bought a scroll of identify for 24 gold pieces
  2421 | D:1      | Bought a scroll of immolation for 48 gold pieces
  2783 | D:3      | Found a glowing drain.
  2787 | Sewer    | Entered a sewer
  2794 | Sewer    | Reached skill level 5 in Fire Magic
  2794 | Sewer    | Reached XP level 6. HP: 42/47 MP: 2/9
  3064 | D:3      | Found an ornate altar of the Wu Jian Council.
  3396 | D:3      | Noticed Terence
  3401 | D:3      | Killed Terence
  3870 | D:4      | Found a sacrificial altar of Ru.
  4183 | D:4      | Noticed Duvessa
  4236 | D:4      | Noticed Dowan
  4237 | D:4      | Killed Duvessa
  4238 | D:4      | Reached XP level 7. HP: 11/54 MP: 0/10
  4786 | D:4      | Found a basalt altar of Yredelemnul.
  4870 | D:4      | Noticed Blork the orc
  4878 | D:4      | Killed Blork the orc
  4879 | D:4      | Reached skill level 5 in Fighting
  4988 | D:4      | Killed Dowan
  4989 | D:4      | Reached skill level 1 in Dodging
  4989 | D:4      | Reached skill level 3 in Spellcasting
  5161 | D:5      | Entered Level 5 of the Dungeon
  5162 | D:5      | Noticed Ijyb
  5201 | D:5      | Killed Ijyb
  5429 | D:5      | Found a radiant altar of Vehumet.
  5704 | D:5      | Identified the ring of Totwon {*Corrode rN++ EV+5 Int+3}
  5742 | D:5      | Found a broken altar of Ashenzari.
  5914 | D:5      | Found a staircase to the Ecumenical Temple.
  5923 | Temple   | Entered the Ecumenical Temple
  6168 | D:5      | Reached XP level 8. HP: 62/62 MP: 5/12
  6915 | D:1      | Bought a scroll of amnesia for 48 gold pieces
  6915 | D:1      | Bought a scroll of magic mapping for 90 gold pieces
  7215 | D:6      | Reached skill level 1 in Conjurations
  7215 | D:6      | Reached skill level 1 in Ice Magic
  7215 | D:6      | Reached skill level 1 in Air Magic
  7566 | D:6      | Reached skill level 4 in Spellcasting
  8201 | D:6      | HP: 3/62 [yak (13)]
  8666 | D:6      | Found a bloodstained altar of Trog.
  8890 | D:5      | Reached skill level 5 in Spellcasting
  8890 | D:5      | Reached XP level 9. HP: 38/68 MP: 9/16
  8989 | D:5      | Learned a level 3 spell: Mephitic Cloud
  9138 | D:6      | Found a bloodstained altar of Trog.
  9265 | D:6      | Reached skill level 1 in Poison Magic
  9845 | D:7      | Noticed Pikel
  9917 | D:7      | Killed Pikel
 10002 | D:7      | Reached skill level 6 in Spellcasting
 10444 | D:7      | Found a hide-covered altar of Uskayaw.
 10618 | D:8      | Found a shimmering altar of Xom.
 10647 | D:8      | Reached XP level 10. HP: 60/74 MP: 5/20
 10665 | D:7      | Reached skill level 7 in Spellcasting
 11215 | D:8      | Found an iron altar of Okawaru.
 11324 | D:8      | Found a stormy altar of Qazlal.
 11324 | D:8      | Noticed Prince Ribbit
 11331 | D:8      | Killed Prince Ribbit
 11332 | D:8      | Reached skill level 5 in Poison Magic
 11420 | D:8      | Identified the +4 whip "Joph" {flame, rCorr Str+2 Int-3
                  | SInv}
 11471 | D:8      | Found a shimmering blue altar of Sif Muna.
 11710 | D:9      | Found Inimioj's Antique Armour Shoppe.
 11777 | D:9      | Noticed Maggie
 11796 | D:9      | Killed Maggie
 11797 | D:9      | Reached skill level 1 in Throwing
 12024 | D:9      | Found a staircase to the Lair.
 12359 | D:9      | Noticed a two-headed ogre
 12649 | D:9      | Found a blossoming altar of Fedhas.
 12662 | D:9      | Noticed an oklob plant
 12985 | D:10     | Entered Level 10 of the Dungeon
 13319 | D:10     | Noticed Harold
 13320 | D:10     | Noticed Urug
 13368 | D:9      | HP: 1/76 [two-headed ogre/+0 giant spiked club (21)]
 13379 | D:9      | Killed a two-headed ogre
 13380 | D:9      | Reached skill level 8 in Spellcasting
 13681 | D:9      | Reached skill level 1 in Evocations
 14193 | D:9      | Killed an oklob plant
 14344 | D:9      | Learned a level 3 spell: Stone Arrow
 14447 | Lair:1   | Entered Level 1 of the Lair of Beasts
 14669 | Lair:1   | Noticed Dittersdorf's ghost (journeyman GrFi)
 14712 | Lair:1   | Reached skill level 1 in Earth Magic
 14742 | Lair:1   | Reached XP level 11. HP: 51/81 MP: 12/23
 15117 | Lair:1   | Found a runed translucent gate.
 15118 | Lair:1   | Found a runed translucent gate.
 15119 | Lair:1   | Found a runed translucent gate.
 15504 | Lair:1   | Reached skill level 5 in Dodging
 15810 | Lair:1   | Reached skill level 5 in Evocations
 15815 | Lair:1   | Learned a level 4 spell: Olgreb's Toxic Radiance
 17295 | Lair:1   | Found a runed translucent gate.
 17295 | Lair:1   | Found a runed translucent gate.
 17295 | Lair:1   | Found a runed translucent gate.
 18328 | Lair:2   | Noticed a death yak
 18328 | Lair:2   | Noticed a death yak
 18328 | Lair:2   | Noticed a death yak
 18405 | Lair:2   | Found a gate leading to a gauntlet.
 18414 | Gauntlet | Entered a Gauntlet
 18414 | Gauntlet | Found a transporter.
 18427 | Gauntlet | Noticed a fire crab
 18488 | Gauntlet | Noticed a necromancer
 18497 | Gauntlet | Found a transporter.
 18507 | Gauntlet | Found a transporter.
 18509 | Gauntlet | Noticed a hell hog
 18512 | Gauntlet | Found a transporter.
 18513 | Gauntlet | Noticed a fire crab
 18527 | Gauntlet | Found a transporter.
 18546 | Gauntlet | Found a transporter.
 18558 | Gauntlet | Found a transporter.
 18558 | Gauntlet | Noticed an obsidian statue
 18570 | Gauntlet | Found a transporter.
 18570 | Gauntlet | Noticed a death scarab
 18572 | Gauntlet | Noticed a death scarab
 18582 | Gauntlet | Found a transporter.
 18594 | Gauntlet | Found a transporter.
 18611 | Gauntlet | Found a transporter.
 18629 | Gauntlet | Found a transporter.
 18631 | Gauntlet | Found a transporter.
 18632 | Gauntlet | Noticed an oklob plant
 18656 | Gauntlet | Found a transporter.
 18658 | Gauntlet | Found a transporter.
 18678 | Gauntlet | Found a transporter.
 18758 | Gauntlet | Found a transporter.
 18780 | Gauntlet | Found a transporter.
 19276 | Gauntlet | Killed a necromancer
 19662 | Gauntlet | Noticed a sixfirhy
 19813 | Gauntlet | Killed an obsidian statue
 19814 | Gauntlet | Reached skill level 9 in Spellcasting
 19824 | Gauntlet | Identified the +3 long sword of the Crawling Thing {drain,
                  | rElec rN+}
 19960 | Gauntlet | Identified the +5 battleaxe of Conflict {vamp, rC+ Str+5}
 19960 | Gauntlet | Noticed a minotaur
 19975 | Gauntlet | Shot with a bolt by a minotaur

Illustrated notes

Levels and vault maps discovered:
D:1:      dpeg_arrival_renting, layout_basic, serial_shops, shop
D:2:      layout_basic, serial_rivers, chequers_serial_rivers_large_a,
          chequers_serial_rivers_micro_e, chequers_serial_rivers_large_b,
          chequers_serial_rivers_room_b, chequers_serial_rivers_room_b,
          chequers_serial_rivers_micro_e, uniq_sigmund
D:3:      layout_loops_ring, nzn_wu_jian_contemplation, gup_sewer_entry_spiral,
          minmay_tree_intersection, uniq_terence
D:4:      layout_gridville, nicolae_ru_sacrificial_ziggurat,
          mainiacjoe_overflow_catwalk, lemuel_doored_altar, uniq_blork_the_orc,
          uniq_duvessa
D:5:      layout_basic, nicolae_ashenzari_panopticon,
          mainiacjoe_overflow_alcove_4, elyvilon_altar_1, temple_fountains,
          patterned_corridor, uniq_ijyb
D:6:      layout_rooms, lightli_temple_of_fire, hex_large, minmay_microvault
D:7:      layout_basic, amcnicky_altar_gilded, uniq_pikel
D:8:      layout_rooms, mainiacjoe_overflow_surrounded_room,
          overflow_temple_1_default, lemuel_coloured_pillars_altar,
          nicolae_qazlal_style_of_elements, nicolae_zen_rock_garden,
          minivault_1, uniq_prince_ribbit1
D:9:      minmay_klotski, layout_basic, tgw_fedhas, serial_shops,
          nicolae_shop_advertising_works [nicolae_subvault_shop_adworks],
          uniq_erica, uniq_maggie
D:10:     layout_layer_cave, kennysheep_mini, gammafunk_ghost_hydra_chop,
          uniq_nergalle, uniq_harold, uniq_urug
Temple:   nicolae_temple_great_sept
Lair:1:   layout_layer_cave, gammafunk_ghost_icy
Lair:2:   layout_layer_cave, minmay_snake_entry_guardpost_small,
          gauntlet_entry_generic
Gauntlet: gammafunk_gauntlet_one_two_three [nicolae_gauntlet_arena_quarters,
          nicolae_gauntlet_arena_grate_2, gammafunk_gauntlet_arena_split_x,
          gammafunk_gauntlet_arena_crates, nicolae_gauntlet_arena_blocks,
          gammafunk_gauntlet_arena_arrow_garden,
          gammafunk_gauntlet_arena_corners, gammafunk_gauntlet_arena_grid,
          nicolae_gauntlet_arena_t_cross, gauntlet_exit_hidden_loot]

Skill      XL: |  1  2  3  4  5  6  7  8  9 10 11 |
---------------+----------------------------------+-----
Spellcasting   | 2 3 5 6 8 9 |  9.0
Stealth        | 2 |  2.0
Fire Magic     | 4 5 6 |  6.0
Fighting       | 4 5 6 7 |  7.0
Dodging        | 3 4 5 |  5.0
Conjurations   | 2 4 |  4.0
Ice Magic      | 3 |  3.0
Air Magic      | 3 4 |  4.0
Poison Magic   | 4 6 7 |  7.0
Throwing       | 2 |  2.0
Evocations     | 2 5 |  5.0
Earth Magic    | 1 3 |  3.0
Short Blades   | |  2.4
Armour         | |  0.6

Action                     |  1- 3 |  4- 6 |  7- 9 | 10-12 || total
---------------------------+-------+-------+-------+-------++-------
  Melee: Short sword       |    40 |       |       |       ||    40
         Dagger            |     3 |    23 |   107 |   453 ||   586
         Punch             |       |     2 |     2 |    14 ||    18
  Throw: Dart              |       |    12 |    17 |     7 ||    36
         Throwing net      |       |       |       |     1 ||     1
   Cast: Scorch            |    11 |    67 |   126 |    89 ||   293
         Mephitic Cloud    |       |       |    23 |    57 ||    80
         Stone Arrow       |       |       |       |    45 ||    45
         Olgreb's Toxic Ra |       |       |       |     7 ||     7
 Invoke: Fiery Armour      |     1 |     3 |     1 |     2 ||     7
  Evoke: Wand              |       |       |       |    12 ||    12
         Tin of tremorston |       |       |       |     2 ||     2
         Condenser vane    |       |       |       |     1 ||     1
    Use: Scroll            |       |     3 |     4 |     9 ||    16
   Stab: Sleeping          |       |     1 |       |       ||     1
         Confused          |       |       |    10 |    22 ||    32
 Armour: Robe              |    10 |     6 |     7 |     6 ||    29
         Troll leather arm |       |       |       |    37 ||    37
         Ring mail         |       |       |       |     8 ||     8
  Dodge: Dodged            |    21 |    27 |    76 |   233 ||   357

Table legend: (Time is in decaauts)
 A = Elapsed time spent in this place.
 B = Non-inter-level travel time spent in this place.
 C = Inter-level travel time spent in this place.
 D = Time resting spent in this place.
 E = Time spent auto-exploring this place.
 F = Levels seen in this place.
 G = Mean time per level.
                   A        B        C        D        E       F      G
               +--------+--------+--------+--------+--------+-----+--------+
         Total |  20017 |  18666 |   1351 |   3339 |  11655 |  15 | 1334.5 |
       Dungeon |  14309 |  13072 |   1237 |   2128 |   8476 |  10 | 1430.9 |
        Temple |     84 |     84 |      0 |      0 |     66 |   1 |   84.0 |
          Lair |   3944 |   3830 |    114 |    364 |   2749 |   2 | 1972.0 |
         Sewer |    123 |    123 |      0 |     44 |      0 |   1 |  123.0 |
      Gauntlet |   1556 |   1556 |      0 |    803 |    364 |   1 | 1556.0 |
               +--------+--------+--------+--------+--------+-----+--------+

Top non-repeatable levels by time:
  Lair:1: 3876 daAuts
     D:9: 2475 daAuts
     D:5: 2039 daAuts
     D:6: 1970 daAuts
     D:1: 1564 daAuts
Gauntlet: 1556 daAuts
     D:4: 1543 daAuts
     D:7: 1490 daAuts
     D:3: 1245 daAuts
     D:2: 993 daAuts
     D:8: 744 daAuts
    D:10: 241 daAuts
   Sewer: 123 daAuts
  Temple: 84 daAuts
  Lair:2: 67 daAuts
